 Dungeon Crawl Stone Soup version 0.22-a0-322-g60b3cfd (webtiles) character file.

26 Kairos the Shield-Bearer (level 3, 29/29 HPs)
             Began as a Formicid Fighter on Apr 5, 2018.
             Got out of the dungeon alive.
             The game lasted 00:00:49 (566 turns).

Kairos the Shield-Bearer (Formicid Fighter)          Turns: 566, Time: 00:00:49

Health: 29/29      AC:  6    Str: 20    XL:     3   Next: 22%
Magic:  3/3        EV:  8    Int:  7    God:
Gold:   65         SH:  9    Dex: 11    Spells: 2/2 levels left

rFire    . . .     SeeInvis +   a - +0 quarterstaff
rCold    . . .     Gourm    .   c - +0 shield
rNeg     . . .     Faith    .   b - +0 scale mail
rPois    .         Spirit   .   (helmet unavailable)
rElec    .         Reflect  .   (no cloak)
rCorr    .         Harm     .   (no gloves)
MR       .....                  (no boots)
Stlth    ..........             (no amulet)
HPRegen  0.09/turn              (no ring)
MPRegen  0.08/turn              (no ring)

@: no status effects
A: permanent stasis, dig shafts and tunnels, four strong arms, antennae 3
a: Dig, Shaft Self


You escaped.
You were not hungry.

You visited 1 branch of the dungeon, and saw 1 of its levels.

You collected 65 gold pieces.

Inventory:

Hand Weapons
 a - a +0 quarterstaff (weapon)
Armour
 b - a +0 scale mail (worn)
 c - a +0 shield (worn)
Scrolls
 e - a scroll of fear {unknown}
Potions
 d - a potion of might
 g - a potion of mutation {unknown}
Comestibles
 f - 3 rations


   Skills:
 + Level 3.6 Fighting
 + Level 2.4 Staves
 + Level 3.6 Armour
 + Level 4.0 Shields


You had 2 spell levels left.
You didn't know any spells.

Dungeon Overview and Level Annotations

Branches:
Dungeon (1/15)

Altars:


Innate Abilities, Weirdness & Mutations

You cannot be hasted, slowed, berserked, paralysed or teleported.
You can dig through walls and to a lower floor.
Your four strong arms can wield two-handed weapons with a shield.
You have a pair of large antennae on your head. (SInv)


Message History

You kill the bat!
A bat comes into view.
You block the bat's attack.
You hit the bat.
The bat is moderately wounded.
You block the bat's attack. You block the bat's attack.
You closely miss the bat. The bat hits you but does no damage.
You block the bat's attack. The bat hits you but does no damage.
The bat closely misses you.
You sock the bat!
You kill the bat!
No target in view!
You enter the shallow water.
Moving in this stuff is going to be slow.
There is an open door here.
There is an open door here.
There is a staircase leading out of the dungeon here.
Are you sure you want to leave the Dungeon?
This will make you lose the game!
You have escaped!

##### #.......## { #...# {
####.....# ## ♣#.⌠.#♣ #......
#..# ######...#########.....#
#..≈≈##..'.......'..##≈≈......
#..≈≈#...#########...'≈≈.....#
#.#≈≈##..+.......'..##≈≈......
## ######...#########.#.###
♣#.@.#♣ #.#.# { #...# { #.#.#
##### #######.#.#
#.........### #.#####......
#.# ####### #.# #.### #...#


There were no monsters in sight!

Vanquished Creatures
  An ooze (D:1)
  A dart slug (D:1)
  A giant cockroach (D:1)
  A hobgoblin (D:1)
  A ball python (D:1)
  8 bats (D:1)
  A frilled lizard (D:1)
  4 goblins (D:1)
  4 kobolds (D:1)
  2 rats (D:1)
24 creatures vanquished.

Notes
Turn   | Place    | Note
-------+----------+-------------------------------------------
     0 | D:1      | Kairos the Formicid Fighter began the quest for the Orb.
     0 | D:1      | Reached XP level 1. HP: 18/18 MP: 1/1
   163 | D:1      | Reached XP level 2. HP: 14/24 MP: 2/2
   405 | D:1      | Reached skill level 4 in Shields
   460 | D:1      | Reached XP level 3. HP: 29/29 MP: 3/3
   566 | D:$      | Got out of the dungeon alive.

Vault maps used:
D:1:      sevenhm_arrival_forest_fort_small_1

Skill      XL: |  1  2 |
---------------+-------+-----
Shields        | 4 |  4.0
Fighting       | |  3.6
Staves         | |  2.4
Armour         | |  3.6

Action                   || total
-------------------------++-------
Melee: Quarterstaff      ||    66
Armor: Scale mail        ||    29
Dodge: Dodged            ||    20
Block: Shield            ||    38

Table legend:
 A = Spawn XP
 B = Non-spawn XP
 C = Spawn XP percentage of total XP
 D = Spawn monster count
 E = Non-spawn monster count
 F = Spawn count percentage of total count
 G = Total turns spent on level
                    A         B        C        D         E        F      G
               +---------+---------+-------+---------+---------+-------+---------
         Total |       0 |      38 |   0.0 |       0 |      24 |   0.0 |   566
               +---------+---------+-------+---------+---------+-------+---------
           D:1 |       0 |      38 |   0.0 |       0 |      24 |   0.0 |   566
               +---------+---------+-------+---------+---------+-------+---------
